 Dungeon Sprint DCSS version 0.30-a0-122-g2a1322497e (webtiles) character file.

Game seed: 1063175601637178778

1129 jt the Covert (level 8, -3/51 HPs)
             Began as a Kobold Hedge Wizard on Sept 16, 2022.
             Was the Champion of Dithmenos.
             Killed from afar by a rime drake (31 damage)
             ... with a flash freeze
             ... in the Dungeon (Sprint VII: "The Pits").
             The game lasted 00:04:39 (1067 turns).

jt the Covert (Kobold Hedge Wizard)                 Turns: 1067, Time: 00:04:40

Health: -3/51      AC:  6    Str: 11    XL:     8   Next: 62%
Magic:  16/18      EV: 14    Int: 17    God:    Dithmenos [******]
Gold:   0          SH:  0    Dex: 14    Spells: 10/20 levels left

rFire   . . .      SeeInvis .    a - +2 dagger (elec)
rCold   . . .      Faith    .    (no shield)
rNeg    . . .      Spirit   .    b - +0 robe
rPois   .          Reflect  .    j - +0 helmet
rElec   .          Harm     .    (no cloak)
rCorr   .          Rampage  .    (no gloves)
Will    .....      NoTele   +    (no boots)
Stlth   ++++++++++               (no amulet)
HPRegen 0.17/turn                r - +3 ring of strength
MPRegen 0.16/turn                s - +3 ring of protection

@: wreathed by umbra
A: small, no large weapons, nightstalker 3
a: Renounce Religion, Shadow Step, Shadow Form


You were in the Dungeon.
You worshipped Dithmenos.
Dithmenos was exalted by your worship.
You visited 1 branch

Inventory:

Hand Weapons
 a - a +2 dagger of electrocution (weapon)
 p - a +2 rapier of venom
 q - a +0 vorpal trident
Missiles
 l - 10 stones
Armour
 b - a +0 robe (worn)
 c - a +0 hat
 j - a +0 helmet (worn)
 u - a +5 ring mail
Jewellery
 r - a +3 ring of strength (left hand)
 s - a +3 ring of protection (right hand)
Scrolls
 i - a scroll of blinking
 m - 5 scrolls of amnesia
 o - 2 scrolls of vulnerability
Potions
 d - 5 potions of magic
 e - 7 potions of curing
 f - 11 potions of heal wounds
 g - a potion of haste
 h - 3 potions of berserk rage
 k - 2 potions of invisibility
 t - 2 potions of brilliance
 v - a potion of might


   Skills:
 + Level 6.3 Fighting
 + Level 7.5 Short Blades
 + Level 4.7 Armour
 - Level 2.4 Dodging
 - Level 10.9 Stealth
 + Level 6.8 Spellcasting
 + Level 5.8 Conjurations
 - Level 3.2 Summonings
 - Level 3.4 Translocations
 + Level 4.7 Air Magic
 + Level 4.6 Poison Magic
 + Level 5.1 Invocations


You had 10 spell levels left.
You knew the following spells:

 Your Spells              Type           Power      Damage    Failure   Level
a - Magic Dart            Conj           100%       1d8       1%          1
b - Blink                 Tloc           34%        N/A       4%          2
c - Call Imp              Summ           16%        N/A       4%          2
d - Mephitic Cloud        Conj/Pois/Air  23%        N/A       4%          3
e - Cigotuvi's Dreadful   Necr/Pois/Air  32%        N/A       4%          2

Your spell library contained the following spells:

 Spells                   Type           Power      Damage    Failure   Level
 Slow                     Hex            20%        N/A       12%         1


Dungeon Overview and Level Annotations

Branches:
Dungeon (1/1)

Altars:
Ashenzari
Cheibriados
Dithmenos
Elyvilon
Fedhas
Gozag
Hepliaklqana
Kikubaaqudgha
Makhleb
Nemelex Xobeh
Okawaru
Qazlal
Ru
Sif Muna
Trog
Uskayaw
Vehumet
Wu Jian
Xom
Yredelemnul
Zin
The Shining One
Jiyva
Lugonu


Innate Abilities, Weirdness & Mutations

You are small and have problems with some larger weapons.
You are completely attuned to the shadows.


Message History

a +0 dagger; a +0 robe
Things that are here:
a +0 spear; a +0 club
There is an open door here.
You see here a +0 club.
Things that are here:
a +0 dagger; a +0 robe
Things that are here:
a +0 spear; a +0 spear; a gnoll skeleton
There is an open door to the Storerooms (Easy) here.
You open the huge gate.
There is a huge open gate leading to the Armoury (Hard) here.
There is a huge open gate here.
An orc sorcerer comes into view. It is wielding a +0 dagger.
A rime drake comes into view.
The orc sorcerer shouts!
You completely miss the orc sorcerer. The rime drake breathes ice at you.
The flash freeze hits you!!
You emit a cloud of dark smoke.
You are encased in ice.
The orc sorcerer mumbles some strange words.
The rime drake barely misses you.
As you read the scroll of summoning, it crumbles to dust.
Wisps of shadow whirl around you...
The rime drake bites you but does no damage.
The orc sorcerer hits you with a +0 dagger.
Casting: Magic Dart (safe; 1% risk of failure)
Confirm with . or Enter, or press ? or * to list all spells.
A beastly little devil appears in a puff of flame.
The rime drake bites you.
The orc sorcerer hits you with a +0 dagger.
You swap places.
The ice encasing you melts away.
The orc sorcerer barely misses your crimson imp.
Your crimson imp blinks!
Your small abomination hits the rime drake!!
The rime drake breathes ice at you. The flash freeze hits you!!
Ouch! That really hurt!
You die...

#####++##########
............##..#
..#..#......##..#
............''..#
............''..#######
..#..#......##..x§4§§..
............##..@ko§§..
#####++################
...# ...# ...# ...#
...# ...# ...#


You could see a hellwing (summoned), a rime drake (catching breath), an orc
sorcerer (ally target) and a friendly small abomination (summoned).

Vanquished Creatures
  A wolf spider (D)
  A fire bat (D)
  An acid dragon (D)
  A sky beast (D)
  A centaur (D)
  A scorpion (D)
  An orc priest (D)
  An iron imp (D)
  A gnoll bouda (D)
  Jessica (D)
  An orc wizard (D)
  A mummy (D)
  An adder (D)
  3 gnolls (D)
  An ufetubus (D)
  2 worms (D)
  4 orcs (D)
  2 endoplasms (D)
  A giant cockroach (D)
  A goblin (D)
  A ball python zombie (D)
  A kobold (D)
  A rat (D)
30 creatures vanquished.

Vanquished Creatures (collateral kills)
  2 gnolls (D)
2 creatures vanquished.

Grand Total: 32 creatures vanquished

Notes
Turn   | Place    | Note
-------+----------+-------------------------------------------
     0 | D        | jt the Kobold Hedge Wizard began the quest for the Orb.
     0 | D        | Reached XP level 1. HP: 10/10 MP: 4/4
    12 | D        | Reached skill level 3 in Stealth
    39 | D        | Found a glowing golden altar of the Shining One.
    39 | D        | Found a glowing silver altar of Zin.
    39 | D        | Found a bloodstained altar of Trog.
    39 | D        | Found a shimmering blue altar of Sif Muna.
    39 | D        | Found a sacrificial altar of Ru.
    39 | D        | Found a stormy altar of Qazlal.
    39 | D        | Found a viscous altar of Jiyva.
    39 | D        | Found a hazy altar of Hepliaklqana.
    39 | D        | Found an opulent altar of Gozag.
    39 | D        | Found a blossoming altar of Fedhas.
    40 | D        | Found a basalt altar of Yredelemnul.
    40 | D        | Found an iron altar of Okawaru.
    40 | D        | Found a white marble altar of Elyvilon.
    41 | D        | Found a shimmering altar of Xom.
    41 | D        | Found a sparkling altar of Nemelex Xobeh.
    41 | D        | Found a shadowy altar of Dithmenos.
    42 | D        | Found an ornate altar of the Wu Jian Council.
    42 | D        | Found a burning altar of Makhleb.
    42 | D        | Found a snail-covered altar of Cheibriados.
    43 | D        | Found a radiant altar of Vehumet.
    43 | D        | Found a corrupted altar of Lugonu.
    44 | D        | Found a hide-covered altar of Uskayaw.
    44 | D        | Found an ancient bone altar of Kikubaaqudgha.
    44 | D        | Found a broken altar of Ashenzari.
    50 | D        | Became a worshipper of Dithmenos the Shadowed
    73 | D        | Reached skill level 5 in Stealth
    73 | D        | Reached XP level 2. HP: 1/15 MP: 6/6
    78 | D        | Reached skill level 6 in Stealth
    85 | D        | Learned a level 2 spell: Blink
    88 | D        | Learned a level 2 spell: Call Imp
   350 | D        | Reached * piety under Dithmenos
   363 | D        | Reached ** piety under Dithmenos
   364 | D        | Reached skill level 8 in Stealth
   364 | D        | Reached XP level 3. HP: 19/19 MP: 7/7
   373 | D        | Reached skill level 10 in Stealth
   373 | D        | Reached XP level 4. HP: 24/24 MP: 8/8
   459 | D        | Reached *** piety under Dithmenos
   460 | D        | Reached skill level 1 in Short Blades
   517 | D        | Reached skill level 1 in Fighting
   517 | D        | Reached skill level 1 in Armour
   522 | D        | Reached XP level 5. HP: 26/29 MP: 10/10
   527 | D        | Noticed Jessica
   529 | D        | Killed Jessica
   539 | D        | Reached **** piety under Dithmenos
   602 | D        | Reached ***** piety under Dithmenos
   609 | D        | Reached XP level 6. HP: 15/37 MP: 8/12
   800 | D        | Learned a level 3 spell: Mephitic Cloud
   842 | D        | Reached skill level 1 in Air Magic
   842 | D        | Reached skill level 1 in Invocations
   842 | D        | Noticed a fire bat
   844 | D        | Killed a fire bat
   845 | D        | Reached skill level 5 in Short Blades
   845 | D        | Reached skill level 5 in Spellcasting
   845 | D        | Reached XP level 7. HP: 44/44 MP: 12/15
   853 | D        | Reached skill level 5 in Fighting
   869 | D        | Learned a level 2 spell: Cigotuvi's Dreadful Rot
   938 | D        | Noticed an acid dragon
   939 | D        | Noticed a wolf spider
   942 | D        | Killed an acid dragon
   943 | D        | Reached skill level 5 in Conjurations
   944 | D        | Killed a wolf spider
   944 | D        | Reached ****** piety under Dithmenos
   945 | D        | Reached skill level 5 in Invocations
   945 | D        | Reached XP level 8. HP: 51/51 MP: 15/18
  1060 | D        | Noticed an orc sorcerer
  1061 | D        | Noticed a rime drake
  1064 | D        | Noticed a hellwing
  1067 | D        | Killed from afar by a rime drake

Illustrated notes

Levels and vault maps discovered:
D:        pitsprint [storerooms_1, entrance_room_1, metal_vault_5, armoury_2,
          mini_pit_1, grid_room_1, main_hall_1, silver_pit, the_coven_3,
          the_vestibule_1, steel_vault_5, golden_pit, hallway_of_sentries,
          crystal_vault_4, iron_vault_2, final_vault]

Skill      XL: |  1  2  3  4  5  6  7 |
---------------+----------------------+-----
Stealth        | 5 8 10 | 10.9
Short Blades   | 1 3 5 7 |  7.5
Fighting       | 1 3 4 6 |  6.3
Armour         | 1 2 3 4 |  4.7
Translocations | 2 3 |  3.4
Conjurations   | 3 4 5 |  5.8
Summonings     | 3 |  3.2
Spellcasting   | 4 5 6 |  6.8
Air Magic      | 2 4 |  4.7
Invocations    | 2 5 |  5.1
Poison Magic   | 2 4 |  4.6
Dodging        | |  2.4

Action                   |  1- 3 |  4- 6 |  7- 9 || total
-------------------------+-------+-------+-------++-------
Melee: Dagger            |    19 |    52 |    11 ||    82
       Punch             |       |     1 |       ||     1
 Cast: Magic Dart        |       |     3 |       ||     3
       Call Imp          |       |     2 |     1 ||     3
  Use: Potion            |     2 |       |       ||     2
       Scroll            |       |       |     1 ||     1
 Stab: Sleeping          |     6 |     2 |     5 ||    13
       Distracted        |       |     1 |       ||     1
Armor: Robe              |     1 |       |     1 ||     2
       Ring mail         |       |     9 |       ||     9
Dodge: Dodged            |    17 |    27 |     2 ||    46

Table legend: (Time is in decaauts)
 A = Elapsed time spent in this place.
 B = Non-inter-level travel time spent in this place.
 C = Inter-level travel time spent in this place.
 D = Time resting spent in this place.
 E = Time spent auto-exploring this place.
 F = Levels seen in this place.
 G = Mean time per level.
                   A        B        C        D        E       F      G
               +--------+--------+--------+--------+--------+-----+--------+
         Total |   1065 |    967 |     98 |    535 |      0 |   1 | 1065.0 |
       Dungeon |   1065 |    967 |     98 |    535 |      0 |   1 | 1065.0 |
               +--------+--------+--------+--------+--------+-----+--------+

Top non-repeatable levels by time:
       D: 1065 daAuts
